AoeStats
← Kevin FZ3252

Arena

507509400Analyzed
4v4 RM · 13d ago on Sep 18, 2026· 68m 49s· 8 players
Game mode
Random Map
Map size
Large (8 player)
Population
200
Speed
Normal
Resources
Standard
Victory
Conquest
Starting age
Dark Age
Ending age
Imperial Age
RankedLock teamsTeams togetherTeam positionsShared explorationLock speedFull tech treeHidden civsTurbo modeCheats
Victory
Defeat
🇧🇷 Jurchens · Brazil
814
+12
🇲🇾 Slavs · Malaysia
773
+14
🇨🇳 Vietnamese · China
728
+15
🇺🇸 Franks · United States
674
+17
🇪🇸 Magyars · Spain
749
-37
🇪🇸 Khmer · Spain
738
-15
🇨🇳 Georgians · China
705
-14
🇪🇸 Slavs · Spain
685
-14
XxjesulizxX
0:54 Loom
10:36 Feudal Age
11:53 Wheelbarrow
11:06 Double-Bit Axe
11:05 Horse Collar
11:46 Gold Mining
19:17 Castle Age
18:00 Stone Mining
20:14 Hand Cart
20:28 Bow Saw
20:14 Town Watch
21:27 Heavy Plow
22:08 Gold Shaft Mining
22:10 Stone Shaft Mining
30:55 Imperial Age
28:55 Forging
30:20 Bloodlines
31:08 Scale Mail Armor
31:44 Husbandry
31:07 Pikeman
31:24 Cavalier
33:19 Crop Rotation
33:46 Iron Casting
33:16 Scale Barding Armor
33:27 Chain Mail Armor
33:51 Conscription
34:20 Padded Archer Armor
34:10 Fletching
34:46 Caravan
35:57 Town Patrol
36:54 Tusk Swords
36:43 Arson
36:24 Halberdier
37:59 Leather Archer Armor
37:39 Bodkin Arrow
38:45 Blast Furnace
37:48 Murder Holes
38:44 Chain Barding Armor
38:43 Elite Ballista Elephant
41:14 Ring Archer Armor
40:45 Bracer
42:10 Chemistry
43:20 Plate Barding Armor
43:00 Double Crossbow
Lieut.Wan
11:49 Feudal Age
12:34 Double-Bit Axe
17:37 Castle Age
15:35 Horse Collar
16:08 Stone Mining
16:20 Gold Mining
17:34 Loom
18:53 Bow Saw
23:41 Wheelbarrow
23:21 Heavy Plow
23:45 Treadmill Crane
24:01 Fletching
28:02 Murder Holes
31:13 Imperial Age
29:55 Hand Cart
30:19 Stone Shaft Mining
30:29 Bodkin Arrow
30:41 Scale Barding Armor
31:38 Husbandry
31:50 Bloodlines
31:58 Forging
32:12 Ballistics
31:47 Town Watch
33:05 Conscription
34:24 Chemistry
33:36 Elite Monaspa
34:42 Caravan
36:07 Chain Barding Armor
36:36 Iron Casting
36:11 Squires
35:51 Pikeman
37:32 Scale Mail Armor
37:47 Siege Engineers
37:33 Halberdier
38:35 Chain Mail Armor
40:56 Plate Barding Armor
41:29 Blast Furnace
43:28 Plate Mail Armor
43:04 Arson
44:11 Town Patrol
44:16 Bracer
52:17 Fortified Wall
Yannick
11:49 Feudal Age
19:09 Castle Age
19:43 Wheelbarrow
23:49 Double-Bit Axe
37:01 Imperial Age
37:18 Cavalier
38:57 Pikeman
39:39 Halberdier
59:11 Onager
villacuquitos
11:13 Feudal Age
12:43 Double-Bit Axe
13:17 Man-at-Arms
18:29 Gold Mining
21:32 Castle Age
20:57 Scale Mail Armor
22:19 Wheelbarrow
21:43 Long Swordsman
23:05 Scale Barding Armor
23:52 Light Cavalry
24:41 Crossbowman
24:43 Elite Skirmisher
29:41 Bloodlines
30:30 Chain Barding Armor
30:23 Caravan
38:42 Imperial Age
36:34 Hand Cart
36:54 Horse Collar
37:36 Chain Mail Armor
37:13 Fletching
37:24 Padded Archer Armor
38:07 Pikeman
40:30 Halberdier
41:05 Arbalester
41:54 Thumb Ring
43:18 Two-Handed Swordsman
47:02 Cavalier
52:57 Paladin
53:42 Husbandry
Kevin FZ3252
10:51 Feudal Age
15:39 Castle Age
14:42 Double-Bit Axe
24:00 Gold Mining
24:47 Wheelbarrow
24:30 Bow Saw
29:43 Husbandry
30:54 Hand Cart
33:11 Imperial Age
30:45 Caravan
31:18 Coinage
31:51 Stone Mining
32:39 Gold Shaft Mining
31:53 Loom
31:56 Town Watch
33:54 Scale Barding Armor
34:00 Forging
33:21 Cavalier
37:02 Paladin
39:26 Chain Barding Armor
39:41 Iron Casting
38:56 Elite Throwing Axeman
39:59 #83
39:39 Chivalry
43:23 Padded Archer Armor
43:13 Fletching
44:01 Plate Barding Armor
44:27 Blast Furnace
44:31 Conscription
46:08 Onager
48:08 Chemistry
47:28 Ballistics
47:14 Siege Engineers
47:12 Scale Mail Armor
47:11 Bodkin Arrow
47:31 Leather Archer Armor
49:24 Banking
62:56 Squires
62:43 Gambesons
62:44 Arson
Will Rossi
10:46 Feudal Age
11:26 Horse Collar
12:26 Double-Bit Axe
20:20 Castle Age
18:49 Gold Mining
18:57 Stone Mining
19:46 Bloodlines
20:15 Forging
20:44 Scale Barding Armor
21:32 Heavy Plow
21:39 Loom
22:04 Husbandry
25:26 Iron Casting
26:00 Chain Barding Armor
28:24 Murder Holes
28:41 Fortified Wall
29:14 Bow Saw
33:47 Imperial Age
32:05 Wheelbarrow
32:42 Fortified Bastions
35:29 Chemistry
39:07 Blast Furnace
38:32 Elite Iron Pagoda
40:56 Elite Steppe Lancer
42:14 Plate Barding Armor
57:20 Two-Man Saw
64:01 Caravan
429245220
0:28 Loom
11:27 Feudal Age
16:58 Castle Age
16:09 Double-Bit Axe
16:53 Horse Collar
20:00 Stone Mining
27:50 Wheelbarrow
27:01 Town Watch
28:40 Elite Skirmisher
33:03 Imperial Age
30:51 Hand Cart
32:14 Treadmill Crane
32:45 Fortified Wall
32:31 Murder Holes
32:57 Ballistics
33:04 Bow Saw
34:10 Paper Money
34:45 Bloodlines
34:35 Husbandry
34:41 Fletching
34:52 Padded Archer Armor
34:40 Imperial Skirmisher
35:57 Bodkin Arrow
36:12 Forging
36:08 Scale Barding Armor
36:53 Thumb Ring
38:34 Chatras
39:42 Bracer
39:57 Leather Archer Armor
40:18 Iron Casting
40:04 Chain Barding Armor
46:09 Elite Battle Elephant
47:23 Ring Archer Armor
46:54 Scale Mail Armor
47:30 Plate Barding Armor
47:24 Caravan
48:28 Chemistry
50:16 Elite Rattan Archer
50:57 Onager
67:53 Hoardings
67:42 Chain Mail Armor
67:53 Siege Engineers
67:55 Town Patrol
69:02 Two-Man Saw
67:58 Gold Mining
68:44 Stone Shaft Mining
68:15 Heavy Plow
guozitao1022
2:51 Loom
11:22 Feudal Age
11:57 Double-Bit Axe
18:28 Horse Collar
21:46 Castle Age
19:54 Horse Collar
22:15 Stone Mining
22:20 Gold Mining
23:57 Husbandry
23:59 Squires
26:30 Pikeman
28:01 Murder Holes
28:36 Heavy Plow
34:07 Imperial Age
32:50 Gold Shaft Mining
32:29 Forging
32:21 Caravan
32:29 Scale Barding Armor
34:56 Fortified Wall
35:07 Ballistics
35:07 Bow Saw
36:18 Chemistry
35:05 Halberdier
37:04 Two-Man Saw
36:42 Crop Rotation
38:03 Wheelbarrow
39:47 Ballistics
39:33 Siege Engineers
39:46 Hand Cart
40:41 Conscription
40:52 Elite Boyar
44:47 Iron Casting
46:36 Scale Mail Armor
50:11 Chain Mail Armor
52:34 Blast Furnace
52:05 Plate Mail Armor
53:46 Druzhina
54:13 Onager
58:03 Plate Mail Armor
57:53 Chain Barding Armor
60:51 Siege Onager
67:56 Fletching
68:42 Plate Barding Armor
68:08 Padded Archer Armor
68:36 Spies/Treason
Connection lost

Rejoining the realm…

Still unreachable

The connection could not be restored.

Session expired

The server has moved on; the page needs a fresh start.